[ PARTIDA AOE2 · #504663227 ]
UnrankedMalayos vs Sicilians
Equipo del jugador · VICT
Equipo rival · DERR
[ ANÁLISIS DE REPETICIÓN · EXTRAÍDO DE LA PARTIDA GRABADA ]
Feudal
8:49
Castillos
18:47
Imperial
30:42
| APM promedio | 76.9 |
| APM pico | 155 |
| eAPM promedio | 48.7 |
| Aldeanos / militares | 238 / 234 |
Foco
⚔️ 49.4% · 🌾 50.6%
Battle Elephant ×164 · Spearman ×34 · Militia ×10 · Trebuchet (Packed) ×9 · Petard ×8 · Monk ×5
Feudal
8:27
Castillos
19:43
Imperial
35:22
| APM promedio | 45.3 |
| APM pico | 72 |
| eAPM promedio | 18.7 |
| Aldeanos / militares | 144 / 64 |
Foco
⚔️ 37.8% · 🌾 62.2%
Serjeant ×12 · Spearman ×12 · Skirmisher ×9 · Archer ×8 · Monk ×6 · Knight ×6
Mapa de la partida
Recursos iniciales + cada clic de construcción. Líneas = muros · curvas = relieve. ◆ oro · ⬟ piedra · ● bayas · ✦ reliquia · ◌ hueco del cierre
Tu base· Abierta — flanco sin cerrar
Base de Ghosty· Abierta — hueco de 8t
Terreno inicial suavizado · ◌ = hueco del cierre detectado · pasá el cursor para detalles
Inputs por minuto
— Skirmisher Timing - - Ghosty
Build order — Skirmisher Timing
Primeras 150 de 591 acciones detectadas
| 0:01 | Crear | Villager (Male) ×4 |
| 0:02 | Construir | House |
| 0:02 | Construir | House |
| 1:24 | Crear | Villager (Male) |
| 1:24 | Crear | Villager (Male) |
| 1:59 | Crear | Villager (Male) |
| 1:59 | Crear | Villager (Male) |
| 2:06 | Construir | Lumber Camp |
| 2:16 | Crear | Villager (Male) |
| 2:16 | Crear | Villager (Male) |
| 2:43 | Crear | Villager (Male) |
| 2:43 | Crear | Villager (Male) |
| 3:12 | Crear | Villager (Male) |
| 3:12 | Crear | Villager (Male) |
| 3:41 | Crear | Villager (Male) |
| 3:41 | Crear | Villager (Male) |
| 4:02 | Construir | House |
| 4:02 | Construir | House |
| 4:06 | Crear | Villager (Male) |
| 4:06 | Crear | Villager (Male) |
| 4:25 | Crear | Villager (Male) |
| 4:32 | Construir | Mill |
| 4:40 | Crear | Villager (Male) |
| 4:40 | Crear | Villager (Male) |
| 4:40 | Crear | Villager (Male) |
| 5:20 | Crear | Villager (Male) |
| 5:20 | Crear | Villager (Male) |
| 5:20 | Crear | Villager (Male) |
| 5:39 | Crear | Villager (Male) |
| 5:39 | Crear | Villager (Male) |
| 5:58 | Construir | House |
| 6:19 | Construir | Barracks |
| 6:40 | Crear | Villager (Male) |
| 6:46 | Investigar | Loom |
| 6:46 | Investigar | Loom |
| 7:10 | Construir | Mining Camp |
| 7:21 | Investigar | Feudal Age |
| 7:22 | Investigar | Feudal Age |
| 7:26 | Crear | Militia |
| 7:26 | Crear | Militia |
| 7:42 | Crear | Militia |
| 7:43 | Crear | Militia |
| 7:46 | Construir | House |
| 7:47 | Construir | House |
| 7:47 | Construir | House |
| 8:07 | Crear | Militia |
| 8:36 | Crear | Villager (Male) |
| 8:49 | Edad | Edad Feudal |
| 8:54 | Investigar | Man-at-Arms (upgrade) |
| 8:56 | Construir | House |
| 9:04 | Construir | Farm |
| 9:06 | Construir | Farm |
| 9:10 | Crear | Villager (Male) |
| 9:10 | Crear | Villager (Male) |
| 9:40 | Crear | Villager (Male) |
| 9:50 | Crear | Villager (Male) |
| 9:52 | Construir | House |
| 9:54 | Crear | Militia |
| 10:01 | Construir | Farm |
| 10:04 | Construir | Farm |
| 10:05 | Construir | Farm |
| 10:18 | Crear | Villager (Male) |
| 10:18 | Crear | Villager (Male) |
| 10:23 | Crear | Militia |
| 10:23 | Crear | Militia |
| 10:42 | Investigar | Double-Bit Axe |
| 10:45 | Construir | Farm |
| 10:48 | Crear | Villager (Male) |
| 10:57 | Crear | Militia |
| 10:58 | Crear | Militia |
| 11:03 | Construir | Palisade Wall |
| 11:21 | Crear | Villager (Male) |
| 11:22 | Crear | Villager (Male) |
| 11:22 | Crear | Villager (Male) |
| 11:23 | Construir | Farm |
| 11:34 | Construir | House |
| 11:34 | Construir | Palisade Wall |
| 11:36 | Crear | Villager (Male) |
| 11:51 | Investigar | Horse Collar |
| 11:51 | Investigar | Horse Collar |
| 11:52 | Crear | Villager (Male) |
| 11:52 | Crear | Villager (Male) |
| 12:07 | Construir | Farm |
| 12:08 | Crear | Villager (Male) |
| 12:40 | Crear | Villager (Male) |
| 12:43 | Crear | Spearman |
| 12:49 | Crear | Villager (Male) |
| 12:51 | Construir | Farm |
| 12:52 | Construir | Farm |
| 12:53 | Construir | Farm |
| 12:53 | Construir | Farm |
| 13:01 | Construir | Palisade Wall |
| 13:07 | Construir | Palisade Wall |
| 13:11 | Construir | House |
| 13:12 | Construir | House |
| 13:14 | Crear | Villager (Male) |
| 13:20 | Construir | Farm |
| 13:20 | Crear | Villager (Male) |
| 13:30 | Construir | Lumber Camp |
| 13:40 | Crear | Villager (Male) |
| 14:00 | Construir | Palisade Wall |
| 14:09 | Crear | Spearman |
| 14:12 | Construir | House |
| 14:26 | Crear | Villager (Male) |
| 14:29 | Construir | Palisade Wall |
| 14:32 | Construir | House |
| 14:36 | Crear | Villager (Male) |
| 14:38 | Construir | Archery Range |
| 14:58 | Crear | Villager (Male) |
| 15:24 | Construir | Blacksmith |
| 15:41 | Crear | Villager (Male) |
| 15:53 | Crear | Villager (Male) |
| 15:56 | Construir | Farm |
| 16:01 | Construir | Farm |
| 16:01 | Crear | Archer |
| 16:12 | Construir | Farm |
| 16:19 | Construir | Farm |
| 16:27 | Construir | Farm |
| 16:27 | Crear | Villager (Male) |
| 16:38 | Construir | Farm |
| 16:40 | Crear | Archer |
| 17:06 | Construir | Farm |
| 17:09 | Investigar | Castle Age |
| 17:09 | Investigar | Castle Age |
| 17:14 | Construir | Palisade Wall |
| 17:20 | Crear | Archer |
| 17:32 | Investigar | Gold Mining |
| 17:32 | Investigar | Gold Mining |
| 17:48 | Crear | Archer |
| 18:27 | Crear | Villager (Male) |
| 18:47 | Edad | Edad de los Castillos |
| 18:50 | Construir | Town Center |
| 18:51 | Investigar | Bow Saw |
| 18:51 | Investigar | Bow Saw |
| 19:00 | Construir | Monastery |
| 19:01 | Crear | Villager (Male) |
| 19:11 | Crear | Villager (Male) |
| 19:14 | Crear | Spearman |
| 19:37 | Crear | Villager (Male) |
| 19:56 | Construir | Town Center |
| 19:57 | Crear | Villager (Male) |
| 19:58 | Crear | Monk |
| 19:58 | Crear | Monk |
| 20:00 | Crear | Villager (Male) |
| 20:07 | Crear | Villager (Male) |
| 20:30 | Crear | Villager (Male) |
| 20:30 | Crear | Villager (Male) |
| 20:32 | Construir | Farm |
| 20:32 | Construir | Farm |
| 20:33 | Investigar | Forging |
Build order — Ghosty
Primeras 150 de 333 acciones detectadas
| 0:01 | Crear | Villager (Male) ×4 |
| 0:02 | Construir | House |
| 0:04 | Construir | House |
| 1:33 | Crear | Villager (Male) |
| 1:54 | Crear | Villager (Male) |
| 2:26 | Crear | Villager (Male) |
| 2:34 | Construir | Lumber Camp |
| 2:48 | Crear | Villager (Male) |
| 3:15 | Crear | Villager (Male) |
| 3:38 | Crear | Villager (Male) |
| 3:51 | Construir | House |
| 3:54 | Crear | Villager (Male) |
| 4:19 | Crear | Villager (Male) |
| 4:19 | Crear | Villager (Male) |
| 4:38 | Crear | Villager (Male) |
| 4:45 | Construir | Mill |
| 5:00 | Crear | Villager (Male) |
| 5:00 | Investigar | Loom |
| 6:17 | Investigar | Feudal Age |
| 6:17 | Investigar | Feudal Age |
| 6:25 | Construir | Donjon |
| 7:14 | Construir | House |
| 7:22 | Crear | Villager (Male) |
| 7:22 | Crear | Villager (Male) |
| 8:27 | Edad | Edad Feudal |
| 8:29 | Investigar | Double-Bit Axe |
| 8:35 | Crear | Serjeant |
| 8:35 | Crear | Serjeant |
| 8:46 | Investigar | Horse Collar |
| 9:04 | Crear | Villager (Male) |
| 9:18 | Construir | Farm |
| 9:19 | Construir | Farm |
| 9:25 | Construir | House |
| 9:42 | Crear | Villager (Male) |
| 9:43 | Crear | Villager (Male) |
| 10:01 | Construir | Farm |
| 10:19 | Construir | House |
| 10:22 | Construir | House |
| 10:27 | Construir | Stable |
| 10:30 | Crear | Villager (Male) |
| 10:42 | Crear | Villager (Male) |
| 10:46 | Construir | Mining Camp |
| 11:23 | Construir | Palisade Wall |
| 11:29 | Construir | Palisade Wall |
| 11:32 | Crear | Scout Cavalry |
| 11:32 | Crear | Scout Cavalry |
| 11:34 | Crear | Villager (Male) |
| 11:39 | Construir | House |
| 11:48 | Construir | Farm |
| 11:50 | Construir | Farm |
| 11:53 | Crear | Scout Cavalry |
| 12:05 | Construir | Farm |
| 12:08 | Construir | Farm |
| 12:10 | Crear | Villager (Male) |
| 12:16 | Crear | Serjeant |
| 12:48 | Construir | House |
| 12:50 | Crear | Villager (Male) |
| 12:51 | Crear | Villager (Male) |
| 12:51 | Crear | Villager (Male) |
| 12:57 | Construir | Farm |
| 13:14 | Construir | Farm |
| 13:18 | Crear | Villager (Male) |
| 13:27 | Construir | Farm |
| 13:43 | Crear | Villager (Male) |
| 13:48 | Construir | Palisade Wall |
| 14:02 | Crear | Villager (Male) |
| 14:08 | Construir | Palisade Wall |
| 14:24 | Crear | Villager (Male) |
| 14:26 | Construir | Farm |
| 14:30 | Construir | Farm |
| 14:35 | Construir | Farm |
| 14:39 | Construir | Farm |
| 14:50 | Crear | Villager (Male) |
| 15:17 | Construir | House |
| 15:19 | Crear | Villager (Male) |
| 15:48 | Crear | Villager (Male) |
| 16:02 | Construir | Blacksmith |
| 16:11 | Crear | Villager (Male) |
| 17:03 | Investigar | Castle Age |
| 17:03 | Investigar | Castle Age |
| 17:07 | Construir | House |
| 17:08 | Construir | House |
| 17:23 | Construir | Stable |
| 17:27 | Investigar | Bloodlines |
| 17:40 | Construir | Mining Camp |
| 18:15 | Investigar | Scale Barding Armor |
| 18:21 | Construir | Palisade Gate |
| 18:25 | Construir | Palisade Wall |
| 18:27 | Construir | Palisade Wall |
| 18:30 | Construir | Palisade Wall |
| 18:32 | Construir | Palisade Wall |
| 18:42 | Investigar | Forging |
| 18:55 | Investigar | Gold Mining |
| 19:08 | Crear | Villager (Male) |
| 19:43 | Edad | Edad de los Castillos |
| 19:46 | Crear | Knight |
| 19:46 | Crear | Knight |
| 19:50 | Construir | Town Center |
| 19:55 | Crear | Knight |
| 20:00 | Crear | Knight |
| 20:04 | Construir | House |
| 20:07 | Crear | Villager (Male) |
| 20:13 | Crear | Villager (Male) |
| 20:34 | Crear | Villager (Male) |
| 20:38 | Crear | Villager (Male) |
| 20:50 | Crear | Villager (Male) |
| 21:01 | Crear | Villager (Male) |
| 21:10 | Construir | Donjon |
| 21:12 | Crear | Villager (Male) |
| 21:30 | Crear | Villager (Male) |
| 21:38 | Construir | Town Center |
| 21:40 | Crear | Villager (Male) |
| 21:44 | Construir | Farm |
| 22:02 | Crear | Villager (Male) |
| 22:05 | Construir | Farm |
| 22:06 | Construir | Farm |
| 22:18 | Crear | Villager (Male) |
| 22:23 | Construir | Farm |
| 22:25 | Construir | Farm |
| 22:28 | Construir | Farm |
| 22:36 | Crear | Villager (Male) |
| 22:36 | Crear | Villager (Male) |
| 22:56 | Crear | Villager (Male) |
| 23:03 | Construir | Farm |
| 23:03 | Construir | Farm |
| 23:04 | Construir | Farm |
| 23:04 | Construir | Farm |
| 23:04 | Construir | Farm |
| 23:08 | Crear | Villager (Male) |
| 23:13 | Crear | Villager (Male) |
| 23:19 | Construir | Monastery |
| 23:22 | Crear | Villager (Male) |
| 23:31 | Construir | Farm |
| 23:38 | Crear | Villager (Male) |
| 23:43 | Crear | Villager (Male) |
| 23:51 | Construir | House |
| 23:54 | Crear | Villager (Male) |
| 23:56 | Crear | Monk |
| 24:04 | Crear | Villager (Male) |
| 24:06 | Construir | Farm |
| 24:07 | Construir | Farm |
| 24:09 | Crear | Villager (Male) |
| 24:18 | Crear | Villager (Male) |
| 24:21 | Crear | Villager (Male) |
| 24:24 | Construir | Farm |
| 24:27 | Crear | Villager (Male) |
| 24:31 | Crear | Villager (Male) |
| 24:41 | Crear | Monk |
| 24:45 | Crear | Villager (Male) |
| 24:45 | Crear | Villager (Male) |
Cronología de la partida
| 6:19 | Skirmisher Timing · first_building Barracks |
| 6:25 | Ghosty · first_building Donjon |
| 8:27 | Ghosty · age_up feudal |
| 8:49 | Skirmisher Timing · age_up feudal |
| 10:27 | Ghosty · first_building Stable |
| 11:03 | Skirmisher Timing · wall_segment Palisade Wall x1 |
| 11:23 | Ghosty · wall_segment Palisade Wall x1 |
| 11:29 | Ghosty · wall_segment Palisade Wall x15 |
| 11:34 | Skirmisher Timing · wall_segment Palisade Wall x12 |
| 13:01 | Skirmisher Timing · wall_segment Palisade Wall x7 |
| 13:07 | Skirmisher Timing · wall_segment Palisade Wall x8 |
| 13:48 | Ghosty · wall_segment Palisade Wall x8 |
| 14:00 | Skirmisher Timing · wall_segment Palisade Wall x1 |
| 14:08 | Ghosty · wall_segment Palisade Wall x8 |
| 14:29 | Skirmisher Timing · wall_segment Palisade Wall x4 |
| 14:38 | Skirmisher Timing · first_building Archery Range |
| 17:14 | Skirmisher Timing · wall_segment Palisade Wall x1 |
| 18:25 | Ghosty · wall_segment Palisade Wall x1 |
| 18:27 | Ghosty · wall_segment Palisade Wall x3 |
| 18:30 | Ghosty · wall_segment Palisade Wall x3 |
| 18:32 | Ghosty · wall_segment Palisade Wall x3 |
| 18:47 | Skirmisher Timing · age_up castle |
| 19:00 | Skirmisher Timing · first_building Monastery |
| 19:43 | Ghosty · age_up castle |
| 20:37 | Skirmisher Timing · wall_segment Palisade Wall x7 |
| 20:37 | Skirmisher Timing · wall_segment Palisade Wall x4 |
| 23:19 | Ghosty · first_building Monastery |
| 26:46 | Ghosty · first_building Archery Range |
| 27:22 | Skirmisher Timing · first_building Castle |
| 27:57 | Ghosty · first_building Castle |
| 28:31 | Ghosty · first_building Siege Workshop |
| 29:06 | Skirmisher Timing · first_market_buy 100 stone |
| 30:23 | Skirmisher Timing · first_building Siege Workshop |
| 30:42 | Skirmisher Timing · age_up imperial |
| 31:50 | Skirmisher Timing · wall_segment Stone Wall x14 |
| 31:53 | Skirmisher Timing · wall_segment Stone Wall x7 |
| 31:57 | Skirmisher Timing · wall_segment Stone Wall x1 |
| 32:10 | Ghosty · first_market_sell 100 food |
| 33:07 | Skirmisher Timing · first_building Stable |
| 34:01 | Ghosty · first_building Barracks |
| 35:04 | Skirmisher Timing · wall_segment Stone Wall x1 |
| 35:05 | Skirmisher Timing · wall_segment Stone Wall x1 |
| 35:07 | Skirmisher Timing · wall_segment Stone Wall x1 |
| 35:22 | Ghosty · age_up imperial |
| 38:45 | Ghosty · first_market_buy 100 stone |
| 40:00 | Ghosty · resign |
[ ANÁLISIS IA · 1 CRÉDITO ]
¿Qué pasó realmente en esta partida?
Wolo.gg analiza cada decisión: build order, eco, micro, errores típicos por bracket. Análisis personalizado por WhatsApp o Discord en 30 segundos.
Guía civ
Malayos
Perfil
Combito (Skirmisher Timing)